 Dungeon Crawl Stone Soup version 0.20.1-1-g8b1a95d (webtiles) character file.

214 vineage the Shield-Bearer (level 5, 0/33 HPs)
             Began as a Gargoyle Fighter on Oct 17, 2017.
             Slain by an orc
             ... wielding a +0 mace
              (2 damage)
             ... on level 3 of the Dungeon.
             The game lasted 00:03:55 (2029 turns).

vineage the Shield-Bearer (Gargoyle Fighter)        Turns: 2029, Time: 00:03:55

Health: 0/33       AC: 11    Str: 20    XL:     5   Next: 92%
Magic:  5/5        EV:  8    Int: 12    God:
Gold:   129        SH:  9    Dex:  9    Spells: 4/4 levels left

rFire    . . .     SeeInvis .   a - +0 flail
rCold    . . .     Gourm    .   c - +0 shield
rNeg     + . .     Faith    .   b - +0 scale mail
rPois    ∞         Spirit   .   (no helmet)
rElec    +         Reflect  .   (no cloak)
rCorr    .         Harm     .   (no gloves)
MR       .....                  (no boots)
Stlth    ..........             (no amulet)
Regen    0.2/turn               t - +3 ring of intelligence
MPRegen  0.1/turn               (no ring)

@: invisible
A: negative energy resistance 1, electricity resistance, unbreathing,
petrification resistance, rot immunity, AC +4
a: no special abilities


You were on level 3 of the Dungeon.
You were not hungry.

You visited 1 branch of the dungeon, and saw 3 of its levels.

You collected 129 gold pieces.

Inventory:

Hand Weapons
 a - a +0 flail (weapon)
Armour
 b - a +0 scale mail (worn)
 c - a +0 shield (worn)
Jewellery
 t - a +3 ring of intelligence (left hand)
Wands
 o - a wand of disintegration (14/24)
Scrolls
 e - 3 scrolls of random uselessness {unknown}
 i - a scroll of enchant weapon {unknown}
 j - a scroll of immolation {unknown}
 l - a scroll of remove curse {unknown}
 q - 2 scrolls of teleportation {unknown}
 r - 2 scrolls of amnesia {unknown}
 s - 2 scrolls of fear {unknown}
 v - a scroll of identify {unknown}
Potions
 d - 2 potions of might
 h - a potion of berserk rage {unknown}
 m - a potion of lignification {unknown}
 n - a potion of invisibility
 p - a potion of curing {unknown}
 u - a potion of resistance {unknown}
Comestibles
 f - a bread ration
 g - 3 royal jellies
 k - 3 meat rations


   Skills:
 + Level 3.9 Fighting
 + Level 3.8 Maces & Flails
 + Level 4.1 Armour
 + Level 1.0 Dodging
 + Level 0.8 Stealth
 + Level 4.3 Shields


You had 4 spell levels left.
You didn't know any spells.

Dungeon Overview and Level Annotations

Branches:
Dungeon (3/15)

Altars:


Innate Abilities, Weirdness & Mutations

You are resistant to torment.
Your stone body is resilient. (AC +4)
You are immune to poison.
You resist negative energy. (rN+)
You are resistant to electric shocks. (rElec)
You can survive without breathing.
You are immune to petrification.
You are immune to rotting.


Message History

The orc moves out of view.
An orc and an orc priest come into view.
The orc priest shouts!
Found 17 arrows and 14 gold pieces.
The orc priest mumbles some strange prayers to Beogh against you.
Beogh smites you!
The orc priest looks satisfied for a moment.
Your shield prevents you from hitting the orc.
You block the orc's attack. The orc barely misses you.
You sock the orc!
You kill the orc!
The orc priest begins to cast a cantrip, but forgets the words!
The orc closely misses you.
The orc priest calls down the wrath of Beogh upon you.
Beogh smites you!
* * * LOW HITPOINT WARNING * * *
It was a potion of invisibility.
You fade into invisibility!
The orc hits you with a mace.
You die...

.... #...##
#........# #...
... #.#..#
#........# ###>
## #.##.#
#........# #..
#. #.#
#........# #..
###.##.###
########## #.#
..........## #.#
###..##.#(.#####
### #.# #.
#........#.($..
#.# #
#####..@)o.[...
#.# ####o#.....
. ... ... .
##... . .. .....
. .... ... ...


You could see an orc priest and an orc.

Vanquished Creatures
  A howler monkey (D:3)
  The ghost of dscm the Chopper, a weakling HuGl (D:3)
  Robin (D:2)
  A worker ant zombie (D:3)
  5 adders
  2 worms
  3 dart slugs
  A leopard gecko (D:2)
  3 orcs (D:3)
  A ball python (D:2)
  3 giant cockroaches
  17 goblins
  7 hobgoblins
  10 jackals
  A quokka (D:3)
  4 bats
  4 frilled lizards
  6 kobolds
  5 rats
76 creatures vanquished.

Notes
Turn   | Place    | Note
-------+----------+-------------------------------------------
     0 | D:1      | vineage the Gargoyle Fighter began the quest for the Orb.
     0 | D:1      | Reached XP level 1. HP: 14/14 MP: 1/1
   150 | D:1      | Reached XP level 2. HP: 19/19 MP: 2/2
   522 | D:1      | Reached XP level 3. HP: 23/23 MP: 3/3
  1138 | D:2      | Noticed Robin
  1140 | D:2      | Reached XP level 4. HP: 25/29 MP: 4/4
  1178 | D:2      | Killed Robin
  1589 | D:3      | Reached XP level 5. HP: 24/33 MP: 5/5
  1597 | D:3      | Noticed dscm's ghost (weakling HuGl)
  1604 | D:3      | Killed dscm's ghost
  1974 | D:3      | Reached skill level 1 in Dodging
  2029 | D:3      | Slain by an orc

Skill      XL: |  1  2  3  4  5 |
---------------+----------------+-----
Maces & Flails | 3 |  3.8
Armour         | 4 |  4.1
Shields        | 4 |  4.3
Dodging        | 1 |  1.0
Fighting       | |  3.9
Stealth        | |  0.8

Action                   |  1- 3 |  4- 6 || total
-------------------------+-------+-------++-------
Melee: Flail             |   109 |   177 ||   286
  Use: Potion            |       |     2 ||     2
  Eat: Chunk             |       |     4 ||     4
Armor: Scale mail        |    92 |   125 ||   217
Dodge: Dodged            |    41 |    66 ||   107
Block: Shield            |    75 |   121 ||   196
